 Dungeon Crawl Stone Soup version 0.27.1-4-g1640c2035a (webtiles) character file.

Game seed: 7625729909747904473

92 Tinkle the Chopper (level 4, 0/42 HPs)
             Began as a Minotaur Berserker on Nov 9, 2021.
             Was a Believer of Trog.
             Slain by an ancient zyme (1 damage)
             ... on level 1 of the Abyss.
             The game lasted 00:05:51 (1833 turns).

Tinkle the Chopper (Minotaur Berserker)             Turns: 1833, Time: 00:05:52

Health: 0/42       AC: 12    Str: 22    XL:     4   Next: 35%
Magic:  3/3        EV:  6    Int:  4    God:    Trog [**....]
Gold:   82         SH:  0    Dex: 10    Spells: 3/3 levels left

rFire    . . .     SeeInvis .   a - +0 hand axe
rCold    . . .     Faith    .   (no shield)
rNeg     . . .     Spirit   .   b - +0 plate armour
rPois    .         Reflect  .   (helmet restricted)
rElec    .         Harm     .   f - +0 cloak
rCorr    .         Rampage  .   (no gloves)
Will     .....                  (no boots)
Stlth    ..........             (no amulet)
HPRegen  0.00/turn              (no ring)
MPRegen  0.08/turn              (no ring)

@: badly diseased
A: horns 2, retaliatory headbutt
a: Renounce Religion, Berserk, Trog's Hand


You were on level 1 of the Abyss.
You worshipped Trog.
Trog was pleased with you.
You visited 1 branch of the dungeon, and saw 2 of its levels.
You visited the Abyss 1 time.

You collected 82 gold pieces.

Inventory:

Hand Weapons
 a - a +0 hand axe (weapon)
Missiles
 d - 10 poisoned darts (quivered)
Armour
 b - a +0 plate armour (worn)
 f - a +0 cloak (worn)
Scrolls
 e - 5 scrolls of identify {unknown}
 g - a scroll of enchant weapon {unknown}
Potions
 c - a potion of degeneration {unknown}
 h - a potion of heal wounds {unknown}
 i - a potion of brilliance {unknown}
 j - a potion of magic {unknown}


   Skills:
 - Level 5.0 Fighting
 + Level 5.3 Axes
 - Level 2.4 Armour
 - Level 2.1 Dodging


You had 3 spell levels left.
You didn't know any spells.
Your spell library was empty.

Dungeon Overview and Level Annotations

Branches:
Dungeon (2/15)

Altars:


Innate Abilities, Weirdness & Mutations

You have a pair of horns on your head.
You reflexively headbutt those who attack you in melee.


Message History

Found a sapphire potion.
You see here 22 gold pieces.
Found 19 gold pieces.
You feel ill.
You see here a sapphire potion.
j - a sapphire potion The small abomination hits you!
You feel ill.
You see here 19 gold pieces.
You feel ill.
Found a long sword.
You feel ill.
You see here a +0 long sword.
You feel ill.
You feel ill.
You feel ill. The ancient zyme barely misses you. The ancient zyme hits you.
You feel ill.
You hit the ancient zyme but do no damage.
Your headbutt misses the ancient zyme. The ancient zyme hits you.
The ancient zyme barely misses you.
You hit the ancient zyme but do no damage.
The ancient zyme hits you but does no damage.
The ancient zyme hits you.
You hit the ancient zyme but do no damage.
The ancient zyme hits you but does no damage.
The ancient zyme hits you.
You barely miss the ancient zyme.
You headbutt the ancient zyme, but do no damage.
The ancient zyme hits you!
The ancient zyme hits you but does no damage.
You hit the ancient zyme but do no damage.
You headbutt the ancient zyme, but do no damage.
The ancient zyme hits you but does no damage.
The ancient zyme hits you!
* * * LOW HITPOINT WARNING * * *
The ancient zyme hits you.
* * * LOW HITPOINT WARNING * * *
The ancient zyme hits you.
You die...

# ##x .### # #
. .### ### .#
#..####.. #.##
##.......#
#.#......###
#.. . #.
..#... ####
#...... #
#####..##.#..#
#@x..#.# #.. #
##..#.## .#..
###### . # #


You could see an ancient zyme.

Vanquished Creatures
  3 gnolls (D:2)
  An adder (D:2)
  A worm (D:2)
  2 dart slugs (D:1)
  6 bats
  3 endoplasms
  A giant cockroach (D:2)
  4 goblins
  3 hobgoblins
  2 jackals (D:1)
  3 kobolds
  A quokka (D:2)
  8 ball pythons
  3 frilled lizards
  5 rats
46 creatures vanquished.

Notes
Turn   | Place    | Note
-------+----------+-------------------------------------------
     0 | D:1      | Tinkle the Minotaur Berserker began the quest for the Orb.
     0 | D:1      | Reached XP level 1. HP: 19/19 MP: 0/0
   105 | D:1      | Reached XP level 2. HP: 24/27 MP: 1/1
   463 | D:1      | Found a faded altar of an unknown god.
   492 | D:1      | Reached ** piety under Trog
   494 | D:1      | Reached XP level 3. HP: 34/34 MP: 2/2
  1107 | D:2      | Reached XP level 4. HP: 25/41 MP: 3/3
  1338 | D:2      | Reached skill level 5 in Fighting
  1338 | D:2      | Reached skill level 5 in Axes
  1726 | D:2      | Cast into level 1 of the Abyss (kobold)
  1766 | Abyss:1  | Found a corrupted altar of Lugonu.
  1772 | Abyss:1  | Noticed an ancient zyme
  1781 | Abyss:1  | Found a corrupted altar of Lugonu.
  1833 | Abyss:1  | HP: 1/42 [ancient zyme (5)]
  1833 | Abyss:1  | Slain by an ancient zyme

Illustrated notes

Levels and vault maps discovered:
D:1:      tarquinn_simple_flora_water_c, layout_loops_ring,
          chequers_ecumenical_altar_simple
D:2:      minmay_diamond_boxcup, layout_loops_ring, serial_rivers,
          chequers_serial_rivers_micro_c, chequers_serial_rivers_room_a,
          chequers_serial_rivers_large_a, chequers_serial_rivers_room_a,
          chequers_serial_rivers_micro_e, minmay_circle_x
Abyss:1:  base:
Temple

Skill      XL: |  1  2  3  4 |
---------------+-------------+-----
Fighting       | 4 5 |  5.0
Axes           | 4 5 |  5.3
Armour         | |  2.4
Dodging        | |  2.1

Action                   |  1- 3 |  4- 6 || total
-------------------------+-------+-------++-------
Melee: Hand axe          |    68 |    29 ||    97
       Headbutt          |    14 |     6 ||    20
Armor: Animal skin       |     7 |       ||     7
       Plate armour      |     8 |    23 ||    31
Dodge: Dodged            |    35 |    13 ||    48
